 Dungeon Crawl Stone Soup version 0.26.1-11-gd32895ea62 (webtiles) character file.

Game seed: 12395378281715576425

2940 Descartes the Grappler (level 9, 0/76 HPs)
             Began as a Troll Warper on May 30, 2021.
             Was a Plaything of Xom.
             Slain by a sun demon (22 damage)
             ... summoned by Xom
             ... on level 7 of the Dungeon.
             The game lasted 00:19:55 (6428 turns).

Descartes the Grappler (Troll Warper)               Turns: 6428, Time: 00:19:56

Health: 0/76       AC:  7    Str: 21    XL:     9   Next: 51%
Magic:  10/10      EV: 10    Int: 10    God:    Xom [......]
Gold:   211        SH:  0    Dex: 11    Spells: 8/10 levels left

rFire    + . .     SeeInvis .     - Unarmed
rCold    x . .     Faith    .   (no shield)
rNeg     . . .     Spirit   .   a - +1 robe
rPois    .         Reflect  .   (helmet restricted)
rElec    .         Harm     .   (no cloak)
rCorr    .         Rampage  .   (gloves unavailable)
Will     .....                  (boots unavailable)
Stlth    +.........             (no amulet)
HPRegen  0.62/turn              s - ring of wizardry
MPRegen  0.12/turn              z - ring of fire

@: no status effects
A: large, unfitting armour, claws 3, regeneration 1, shaggy fur 1, tough skin 3
a: Renounce Religion


You were on level 7 of the Dungeon.
You worshipped Xom.
You were a very special plaything of Xom.
You visited 2 branches of the dungeon, and saw 8 of its levels.
You also visited: Ossuary.

You collected 304 gold pieces.
You spent 93 gold pieces at shops.

Inventory:

Hand Weapons
 f - the +7 quarterstaff of Gophowum {vorpal, rElec Will++ Int+4 Dex-4}
   (You found it on level 4 of the Dungeon)

   It inflicts extra damage upon your enemies.
   It affects your intelligence (+4).
   It affects your dexterity (-4).
   It insulates you from electricity.
   It affects your willpower, your defense against some magical effects.
Missiles
 d - 5 boomerangs of dispersal (quivered)
 e - 42 poisoned darts
 h - 111 bolts
 k - 68 sling bullets
 l - 166 stones
 v - 133 arrows
 H - 3 throwing nets
Armour
 a - a +1 robe (worn)
Jewellery
 p - an uncursed ring of ice
 s - a ring of wizardry (left claw)
 t - an uncursed ring of see invisible
 x - an uncursed ring of positive energy
 z - a ring of fire (right claw)
 I - an uncursed amulet of regeneration {unknown}
Wands
 E - a wand of polymorph (2)
 F - a wand of random effects (17)
Scrolls
 b - 3 scrolls of remove curse
 c - 3 scrolls of blinking
 g - 2 scrolls of teleportation
 y - a scroll of amnesia
 A - 2 scrolls of immolation
 C - 2 scrolls of fear
 G - a scroll of identify
Potions
 i - 5 potions of might
 j - 5 potions of heal wounds
 m - 2 potions of berserk rage
 n - 2 potions of brilliance
 o - 4 potions of haste
 q - 4 potions of invisibility
 r - 3 potions of lignification
 u - 7 potions of curing
 w - a potion of degeneration {unknown}
 B - a potion of resistance {unknown}
 D - a potion of mutation {unknown}


   Skills:
 - Level 1.5 Fighting
 + Level 1.1 Throwing
 - Level 1.9 Dodging
 * Level 11.7 Unarmed Combat
 + Level 1.3 Spellcasting
 - Level 5.0 Translocations


You had 8 spell levels left.
You knew the following spells:

 Your Spells              Type           Power        Failure   Level
a - Blink                 Tloc           N/A          2%          2

Your spell library contained the following spells:

 Spells                   Type           Power        Failure   Level
 Gell's Gravitas          Tloc           5%           5%          3
 Lesser Beckoning         Tloc           5%           5%          3
 Teleport Other           Tloc           10%          5%          3
 Foxfire                  Conj/Fire      4%           13%         1
 Passage of Golubria      Tloc           N/A          16%         4
 Conjure Flame            Conj/Fire      1%           36%         3
 Inner Flame              Hex/Fire       1%           36%         3
 Sticky Flame             Conj/Fire      1%           75%         4
 Fireball                 Conj/Fire      0%           97%         5


Dungeon Overview and Level Annotations

Branches:
Dungeon (7/15)             Temple (1/1) D:6         Ossuary (visited)

Altars:
Ashenzari
Cheibriados
Dithmenos
Elyvilon
Fedhas
Hepliaklqana
Kikubaaqudgha
Makhleb
Okawaru
Qazlal
Ru
Sif Muna
Trog
Uskayaw
Vehumet
Wu Jian
Xom
Zin
The Shining One

Shops:
D:4 ?   D:6 *

Annotations:
D:7 2 transporters, boysha's ghost, novice OpDe


Innate Abilities, Weirdness & Mutations

You are too large for most types of armour.
You have claws for hands.
Your natural rate of healing is unusually fast.
You are covered in fur. (AC +1)
You have extremely tough skin. (AC +3)


Message History

The sun demon hits you!
You are engulfed in flames!
You claw the sun demon!
The sun demon is heavily wounded.
The sun demon barely misses you.
You barely miss the sun demon.
The sun demon is heavily wounded.
The sun demon hits you!
You are engulfed in flames!!
You are too injured to fight recklessly!
You are too injured to fight recklessly!
You are too injured to fight recklessly!
You remove your ring of see invisible.
The sun demon hits you!
* * * LOW HITPOINT WARNING * * *
You are engulfed in flames!
* * * LOW HITPOINT WARNING * * *
You feel more attuned to fire.
z - a ring of fire (right claw) Unknown command.
You feel much better. The sun demon hits you!!
You die... "This toy is broken."

)........................#.......
..≈≈.....#############...#.####..
≈≈≈≈.............# #.###.######
#≈##≈#....######.# #....)......
≈≈≈≈≈≈....# #.# ####.#######
+≈>.≈#....# #.# #.#
+≈._≈≈≈≈.#######.# #.#
#≈≈≈≈#≈≈......<#.# #.#
≈≈#≈≈#≈..#######@# #.#
≈≈...≈...#......3# #.#
.≈.......#.####### #.#
...≈.......# ...........#
.#########.# #.# ..# ###


You could see a sun demon (summoned).

Vanquished Creatures
  Harold (D:7)
  A wraith (Ossuary)
  Eustachio (D:5)
  3 phantoms (D:6)
  A black bear (D:3)
  An ogre (D:5)
  A centaur (D:7)
  The ghost of MatrixGlitch the Sneak, an amateur KoDe of Dithmenos (D:3)
  5 bullfrogs
  A water moccasin zombie (D:7)
  3 howler monkeys
  A bullfrog skeleton (D:7)
  5 hounds
  A human zombie (D:4)
  A centaur skeleton (D:4)
  3 orc wizards
  8 worker ants
  A mummy (Ossuary)
  3 gnolls (D:4)
  10 adders
  A hound simulacrum (D:3)
  2 shadow imps
  A howler monkey simulacrum (D:3)
  3 worker ant simulacra (D:3)
  3 ufetubi
  2 oozes (D:3)
  4 adder skeletons
  An adder zombie (D:6)
  4 worms
  2 dart slugs
  6 leopard geckos
  25 orcs
  2 ball pythons
  5 bats
  A bat zombie (D:5)
  8 giant cockroaches
  5 goblins
  15 hobgoblins
  9 jackals
  2 kobolds (D:1)
  7 quokkas
  A ball python simulacrum (D:3)
  4 frilled lizards
  5 gnoll skeletons (Ossuary)
  A jackal zombie (D:4)
  9 kobold skeletons (Ossuary)
  11 orc skeletons (Ossuary)
  An orc zombie (D:4)
  10 rats
  3 rat zombies (D:5)
205 creatures vanquished.

Notes
Turn   | Place    | Note
-------+----------+-------------------------------------------
     0 | D:1      | Descartes the Troll Warper began the quest for the Orb.
     0 | D:1      | Reached XP level 1. HP: 19/19 MP: 1/1
   140 | D:1      | Reached XP level 2. HP: 17/27 MP: 2/2
   477 | D:1      | Found a broken altar of Ashenzari.
   499 | D:1      | Reached skill level 3 in Unarmed Combat
   666 | D:1      | Reached XP level 3. HP: 33/33 MP: 3/3
   879 | D:2      | Found a hazy altar of Hepliaklqana.
  1178 | D:2      | Reached XP level 4. HP: 41/41 MP: 4/4
  1484 | D:3      | Reached skill level 4 in Unarmed Combat
  1554 | D:3      | Noticed a black bear
  1564 | D:3      | Killed a black bear
  1565 | D:3      | Reached XP level 5. HP: 40/48 MP: 5/5
  1625 | D:3      | Noticed MatrixGlitch's ghost (amateur KoDe)
  1652 | D:3      | Found a snail-covered altar of Cheibriados.
  1663 | D:3      | Reached skill level 5 in Unarmed Combat
  1697 | D:3      | Found a runed translucent gate.
  1711 | D:3      | Found a runed translucent gate.
  1711 | D:3      | Found a runed translucent gate.
  2121 | D:3      | Found an iron altar of Okawaru.
  2238 | D:3      | Found a shimmering blue altar of Sif Muna.
  2299 | D:3      | Reached XP level 6. HP: 48/55 MP: 6/6
  2336 | D:3      | Killed MatrixGlitch's ghost
  2499 | D:4      | Reached skill level 6 in Unarmed Combat
  2567 | D:4      | Reached XP level 7. HP: 62/62 MP: 7/7
  2649 | D:4      | Found a stormy altar of Qazlal.
  2712 | D:4      | Found a sacrificial altar of Ru.
  2727 | D:4      | Reached skill level 7 in Unarmed Combat
  2774 | D:4      | Got a faintly glowing quarterstaff
  2854 | D:4      | Found a sand-covered staircase.
  2855 | D:4      | Found Saucs's Magic Scroll Boutique.
  2864 | Ossuary  | Entered an ossuary
  2864 | Ossuary  | Noticed a wraith
  2864 | Ossuary  | Noticed a wraith
  2864 | Ossuary  | Noticed a wraith
  2973 | Ossuary  | Noticed a wraith
  2993 | Ossuary  | Killed a wraith
  3183 | Ossuary  | Reached XP level 8. HP: 70/70 MP: 8/8
  3187 | Ossuary  | Identified the +7 quarterstaff of Gophowum {vorpal, rElec
                  | Will++ Int+4 Dex-4} (You found it on level 4 of the
                  | Dungeon)
  3206 | D:4      | Bought a scroll of remove curse for 33 gold pieces
  3206 | D:4      | Bought a scroll of identify for 22 gold pieces
  3206 | D:4      | Bought a scroll of immolation for 38 gold pieces
  3340 | D:4      | Learned a level 2 spell: Blink
  3541 | D:5      | Entered Level 5 of the Dungeon
  3607 | D:5      | Reached skill level 8 in Unarmed Combat
  3892 | D:5      | Found a blossoming altar of Fedhas.
  3964 | D:5      | Found an ancient bone altar of Kikubaaqudgha.
  4381 | D:5      | Noticed Eustachio
  4408 | D:5      | Killed Eustachio
  4505 | D:6      | Found a white marble altar of Elyvilon.
  4526 | D:5      | Reached skill level 5 in Translocations
  4659 | D:6      | Reached skill level 9 in Unarmed Combat
  4789 | D:6      | Found a staircase to the Ecumenical Temple.
  4914 | Temple   | Entered the Ecumenical Temple
  4958 | Temple   | Became a worshipper of Xom of Gnomic Intent
  4990 | D:6      | XOM: potion effect (invisibility)
  5021 | D:6      | XOM: silly message
  5028 | D:6      | XOM: silly message
  5130 | D:6      | XOM: divination: magic mapping
  5215 | D:6      | Reached skill level 10 in Unarmed Combat
  5324 | D:6      | XOM: silly message
  5387 | D:6      | Found Wod Tume's Assorted Antiques.
  5523 | D:7      | Reached XP level 9. HP: 71/76 MP: 9/9
  5571 | D:7      | Found a bloodstained altar of Trog.
  5625 | D:7      | XOM: 1-stop teleportation journey
  5635 | D:7      | Found a glowing silver altar of Zin.
  5688 | D:7      | Found a transporter.
  5698 | D:7      | Found a transporter.
  5725 | D:7      | Noticed boysha's ghost (novice OpDe)
  5725 | D:7      | Noticed a two-headed ogre
  5777 | D:7      | XOM: smoke on damage
  5792 | D:7      | XOM: god gift: potion of haste
  5879 | D:7      | Noticed Harold
  5880 | D:7      | Found a stormy altar of Qazlal.
  5882 | D:7      | XOM: smoke on damage
  5901 | D:7      | Killed Harold
  5902 | D:7      | Reached skill level 11 in Unarmed Combat
  6029 | D:7      | XOM: silly message
  6043 | D:7      | Reached skill level 1 in Throwing
  6131 | D:7      | XOM: silly message
  6295 | D:7      | XOM: scenery: 1 doors open
  6421 | D:7      | XOM is BORED!
  6421 | D:7      | XOM: summons 1 hostile demon
  6422 | D:7      | Noticed a sun demon
  6426 | D:7      | HP: 1/76 [sun demon[Xom] (17)]
  6428 | D:7      | Slain by a sun demon

Illustrated notes

Levels and vault maps discovered:
D:1:      wander_arrival_desolate, layout_loops_cross, nrook_mini_vaults,
          nicolae_ashenzari_panopticon
D:2:      layout_basic, nicolae_overflow_crystal_walls
D:3:      minmay_door_path, layout_loops_ring, led_sif_book,
          lemuel_doored_altar, gammafunk_ghost_icy, okawaru_altar_gauntlet_db
D:4:      layout_rooms, nicolae_overflow_hidden_temple, serial_shops, shop,
          enter_ossuary_3, nicolae_ru_sacrificial_ziggurat
D:5:      layout_loops_corners, lemuel_zombie_altar_kikubaaqudgha,
          lemuel_coloured_pillars_altar, uniq_eustachio
D:6:      layout_gridville, lemuel_crystal_altar,
          minmay_temple_entry_statues_pillars, serial_shops, shop
D:7:      layout_basic, kennysheep_little_box, kennysheep_mini,
          nzn_ghost_randoct, nicolae_qazlal_general_emergency, uniq_harold
Temple:   eino_temple_lava

Skill      XL: |  1  2  3  4  5  6  7  8  9 |
---------------+----------------------------+-----
Unarmed Combat | 3 4 5 6 7 10 11 | 11.7
Translocations | 3 4 5 |  5.0
Throwing       | 1 |  1.1
Fighting       | |  1.5
Dodging        | |  1.9
Spellcasting   | |  1.3

Action                   |  1- 3 |  4- 6 |  7- 9 || total
-------------------------+-------+-------+-------++-------
Melee: Unarmed           |   110 |   178 |   334 ||   622
       Punch             |     1 |     5 |     8 ||    14
  Use: Scroll            |       |     8 |     9 ||    17
       Potion            |       |       |     1 ||     1
 Stab: Sleeping          |       |       |     2 ||     2
       Invisible         |       |       |     1 ||     1
Armor: Robe              |    38 |    76 |    83 ||   197
Dodge: Dodged            |    61 |    87 |   146 ||   294
